 Dungeon Crawl Stone Soup version 0.25.1-2-g60ff931df9 (webtiles) character file.

Game seed: 11146180551430577296

7016 H0rd4k the Martial Artist (level 11, 0/70 HPs)
             Began as an Octopode Transmuter on July 29, 2020.
             Was an Initiate of Gozag.
             Slain by a yak (18 damage)
             ... on level 11 of the Dungeon.
             The game lasted 00:32:51 (15768 turns).

H0rd4k the Martial Artist (Octopode Transmuter)    Turns: 15768, Time: 00:32:51

Health: 0/70       AC:  1    Str: 10    XL:     11   Next: 8%
Magic:  19/21      EV: 15    Int: 30    God:    Gozag
Gold:   577        SH:  0    Dex: 13    Spells: 10/24 levels left

rFire    . . .     SeeInvis .     - Unarmed
rCold    . . .     Gourm    .   (shield currently unavailable)
rNeg     . . .     Faith    .   (helmet restricted)
rPois    .         Spirit   .   C - amulet of magic regeneration
rElec    .         Reflect  .   e - ring of flight
rCorr    .         Harm     .   y - +6 ring of intelligence
MR       .....                  E - +6 ring of intelligence
Stlth    ++++......             (no ring)
HPRegen  0.21/turn              (no ring)
MPRegen  0.42/turn              (no ring)
                                (no ring)
                                (no ring)

@: blade tentacles, gold aura
A: almost no armour, stealthy swim, amphibious, 8 rings, constrict 8, camouflage
1, gelatinous body 1
a: End Transformation, Potion Petition, Call Merchant, Bribe Branch, Renounce
Religion, Evoke Flight


You were on level 11 of the Dungeon.
You worshipped Gozag.
Gozag was pleased with you.
You were not hungry.
You had blades for tentacles.
You visited 2 branches of the dungeon, and saw 12 of its levels.

You collected 752 gold pieces.
You paid 175 gold pieces to Gozag.

Inventory:

Hand Weapons
 k - a +0 shortbow of freezing
Missiles
 a - 184 arrows
 i - 6 poisoned darts (quivered)
 D - 8 curare-tipped darts
Jewellery
 e - a ring of flight (left scythe-like blade)
 y - a +6 ring of intelligence (right scythe-like blade)
 A - a +4 ring of protection {unknown}
 C - an amulet of magic regeneration (around mantle)
 E - a +6 ring of intelligence (on tentacle)
Wands
 m - a wand of iceblast (1)
 o - a wand of polymorph (6)
Scrolls
 b - 3 scrolls of teleportation
 d - 3 scrolls of remove curse
 f - 6 scrolls of magic mapping
 h - 3 scrolls of enchant armour
 j - 2 scrolls of fear
 l - a scroll of enchant weapon {unknown}
 q - a scroll of random uselessness
 s - 2 scrolls of amnesia {unknown}
 t - a scroll of vulnerability {unknown}
 u - a scroll of fog {unknown}
 B - a scroll of identify
Potions
 g - 3 potions of curing
 n - a potion of ambrosia
 p - a potion of haste
 r - 4 potions of resistance
 v - 3 potions of flight
 w - 2 potions of lignification
 x - a potion of brilliance {unknown}
 z - a potion of degeneration {unknown}
Comestibles
 c - 16 rations


   Skills:
 * Level 4.5 Fighting
 + Level 1.3 Throwing
 + Level 5.2 Dodging
 + Level 5.9 Stealth
 * Level 9.7 Unarmed Combat
 + Level 7.1 Spellcasting
 * Level 3.0 Hexes
 + Level 7.7 Transmutations
 + Level 1.8 Poison Magic
 + Level 1.6 Evocations


You had 10 spell levels left.
You knew the following spells:

 Your Spells              Type           Power        Failure   Level  Hunger
a - Beastly Appendage     Tmut           ######       9%          1    None
b - Sticks to Snakes      Tmut           ######..     10%         2    None
c - Spider Form           Tmut/Pois      #####.....   21%         3    None
d - Confusing Touch       Hex            ####....     30%         3    None
e - Blade Hands           Tmut           ######....   34%         5    ####...

Your spell library contained the following spells:

 Spells                   Type           Power        Failure   Level  Hunger
 Corona                   Hex            ####...      17%         1    None
 Ensorcelled Hibernation  Hex/Ice        ###...       28%         2    None
 Tukima's Dance           Hex            ####....     30%         3    None
 Summon Butterflies       Summ           ##......     32%         1    None
 Dazzling Flash           Conj/Hex       ###...       41%         3    None
 Portal Projectile        Hex/Tloc       ###...       41%         3    None
 Ice Form                 Ice/Tmut       ####....     45%         4    ##.....
 Call Canine Familiar     Summ           ##......     54%         3    None
 Cause Fear               Hex            ####......   54%         4    ##.....
 Yara's Violent Unravell  Hex/Tmut       #####.....   54%         5    ####...
 Summon Ice Beast         Ice/Summ       ##......     83%         4    ##.....
 Silence                  Hex/Air        ###.......   90%         5    ####...
 Summon Mana Viper        Hex/Summ       ###.....     90%         5    ####...
 Eringya's Noxious Bog    Tmut/Pois      #####.....   96%         6    ######.
 Dragon Form              Tmut           ######....   99%         7    #######
 Summon Hydra             Summ           ##........   100%        7    #######
 Discord                  Hex            ####......   100%        8    #######


Dungeon Overview and Level Annotations

Branches:
Dungeon (11/15)            Temple (1/1) D:5            Lair (0/6) D:8
    Orc: D:9-12

Altars:
Ashenzari
Cheibriados
Dithmenos
Elyvilon
Fedhas
Gozag
Hepliaklqana
Kikubaaqudgha
Makhleb
Nemelex Xobeh
Okawaru
Qazlal
Ru
Sif Muna
Trog
Uskayaw
Vehumet
Wu Jian
Xom
Yredelemnul
Zin
The Shining One

Shops:
D:6 (   D:10 *

Annotations:
D:4 exclusion: iguana
D:9 3 runed translucent doors, exclusion: 3 doors, BledDest's ghost, novice DgTm; TangoThomas's ghost, journeyman DsBe
D:10 exclusion: 2 downstairs, Harold
D:11 exclusions: hydra and ugly thing, Gastronok


Innate Abilities, Weirdness & Mutations

You cannot wear most types of armour.
You are very stealthy in the water. (Stealth+)
You are amphibious.
You can wear up to eight rings at the same time.
You can use your tentacles to constrict eight enemies at once.
Your skin changes colour to match your surroundings (Stealth+).
Your rubbery body absorbs attacks. (AC +1, EV +1)


Message History

The yak gores you!
You hit the yak but do no damage. You slice the yak!!
You squeeze the yak, but do no damage.
The yak is heavily wounded.
The yak gores you!
You hit the yak. You squeeze the yak, but do no damage.
The yak is severely wounded.
The yak gores you!
You slice the yak!!
You kill the yak!
Your Hexes skill increases to level 3!
You hit the yak. You slash the yak.
The yak is lightly wounded.
The yak gores you!
* * * LOW HITPOINT WARNING * * *
You barely miss the yak.
The yak is lightly wounded.
The yak gores you!!
You die...
Your body crumbles into a pile of gold.

######$##
#.@YYYY.#
#.####..# #.#
#.# #.#
###########.#
#..
#...........#
#..
#.###########
#.# #.# #.#
.##


You could see 4 yaks.

Vanquished Creatures
  3 two-headed ogres (D:10)
  Grinder (D:5)
  Prince Ribbit (D:6)
  Eustachio (D:5)
  4 yaks
  A hungry ghost (D:9)
  Edmund (D:4)
  A porcupine (D:8)
  3 sky beasts
  2 black bears
  2 phantoms
  An orc warrior (D:8)
  An ice beast (D:11)
  4 ogres
  2 centaurs
  2 crocodiles (D:8)
  8 bullfrogs
  A water moccasin skeleton (D:4)
  5 scorpions
  2 howler monkeys
  4 wights (D:10)
  2 crimson imps
  A centaur zombie (D:5)
  A hound (D:5)
  5 jellies
  An orc priest (D:11)
  2 iguanas
  2 bullfrog skeletons
  6 orc wizards
  5 worker ants
  A hound zombie (D:7)
  A hound skeleton (D:4)
  A worker ant zombie (D:9)
  A howler monkey zombie (D:6)
  2 howler monkey skeletons
  11 adders
  10 gnolls
  A shadow imp (D:5)
  3 oozes (D:3)
  2 adder skeletons
  A worm (D:5)
  3 dart slugs
  2 leopard geckos
  33 orcs
  7 bats
  16 giant cockroaches
  4 hobgoblins
  15 jackals
  4 quokkas
  2 ball pythons (D:2)
  6 frilled lizards
  8 goblins
  2 jackal skeletons
  10 kobolds
  11 rats
  A butterfly (D:5)
233 creatures vanquished.

Vanquished Creatures (others)
  3 fungi (D:8)
  9 plants
12 creatures vanquished.

Grand Total: 245 creatures vanquished

Notes
Turn   | Place    | Note
-------+----------+-------------------------------------------
     0 | D:1      | H0rd4k the Octopode Transmuter began the quest for the Orb.
     0 | D:1      | Reached XP level 1. HP: 13/13 MP: 3/3
   125 | D:1      | Reached XP level 2. HP: 11/18 MP: 5/5
   942 | D:2      | Reached XP level 3. HP: 15/23 MP: 4/6
  1565 | D:2      | Reached skill level 1 in Stealth
  1993 | D:3      | Reached XP level 4. HP: 4/28 MP: 5/7
  2354 | D:3      | Reached skill level 4 in Unarmed Combat
  2354 | D:3      | Reached XP level 5. HP: 14/33 MP: 5/9
  3604 | D:3      | Reached XP level 6. HP: 32/38 MP: 10/10
  4139 | D:4      | Noticed Edmund
  4175 | D:4      | Noticed a phantom
  4744 | D:4      | Learned a level 2 spell: Sticks to Snakes
  4786 | D:4      | Learned a level 3 spell: Spider Form
  4966 | D:4      | Reached skill level 5 in Unarmed Combat
  4966 | D:4      | Reached XP level 7. HP: 27/43 MP: 10/12
  5205 | D:5      | Entered Level 5 of the Dungeon
  5294 | D:5      | Found a staircase to the Ecumenical Temple.
  5843 | D:5      | Noticed Eustachio
  6045 | D:5      | Noticed Grinder
  6243 | D:6      | Noticed Prince Ribbit
  6256 | D:6      | Killed Prince Ribbit
  6256 | D:6      | Reached XP level 8. HP: 35/48 MP: 14/14
  6453 | D:6      | Found Buukkac's Antique Weapon Boutique.
  6550 | D:5      | Killed Eustachio
  6550 | D:5      | Reached skill level 6 in Unarmed Combat
  6608 | Temple   | Entered the Ecumenical Temple
  7208 | D:6      | Found a burning altar of Makhleb.
  7298 | D:6      | Reached skill level 5 in Transmutations
  7566 | D:6      | Learned a level 3 spell: Confusing Touch
  7656 | D:6      | Reached skill level 5 in Spellcasting
  8113 | D:7      | Found a hide-covered altar of Uskayaw.
  8179 | D:7      | Reached skill level 7 in Unarmed Combat
  8179 | D:7      | Reached XP level 9. HP: 36/54 MP: 15/17
  8187 | D:7      | Learned a level 5 spell: Blade Hands
  9545 | D:8      | Reached skill level 5 in Stealth
  9604 | D:8      | Reached skill level 1 in Poison Magic
 10416 | D:9      | Reached skill level 1 in Throwing
 10510 | D:9      | Found a runed translucent gate.
 10657 | D:9      | Found a runed translucent gate.
 10659 | D:9      | Found a runed translucent gate.
 10659 | D:9      | Noticed BledDest's ghost (novice DgTm)
 10659 | D:9      | Noticed TangoThomas's ghost (journeyman DsBe)
 10745 | D:9      | Reached skill level 8 in Unarmed Combat
 10745 | D:9      | Reached skill level 1 in Evocations
 11126 | D:9      | Found a radiant altar of Vehumet.
 11127 | D:9      | Found a bloodstained altar of Trog.
 11128 | D:9      | Found a white marble altar of Elyvilon.
 11297 | D:8      | Reached XP level 10. HP: 44/62 MP: 19/19
 11471 | D:8      | Identified the Incunabulum of Mutagenic Hexes
 11917 | D:8      | Found a staircase to the Lair.
 12527 | D:6      | Found an ancient bone altar of Kikubaaqudgha.
 12774 | D:5      | Killed Grinder
 13012 | D:5      | Found a blossoming altar of Fedhas.
 13016 | D:5      | Found a stormy altar of Qazlal.
 13024 | D:5      | Found an opulent altar of Gozag.
 13034 | D:5      | Became a worshipper of Gozag Ym Sagoz the Greedy
 13102 | D:4      | Killed Edmund
 13543 | D:10     | Entered Level 10 of the Dungeon
 13666 | D:10     | Noticed Harold
 13759 | D:10     | Noticed a two-headed ogre
 13764 | D:10     | Killed a two-headed ogre
 13764 | D:10     | Reached skill level 9 in Unarmed Combat
 13764 | D:10     | Reached skill level 1 in Hexes
 13784 | D:10     | Noticed a two-headed ogre
 13796 | D:10     | Found Onuklo's General Store.
 13798 | D:10     | Killed a two-headed ogre
 13798 | D:10     | Reached skill level 5 in Dodging
 14855 | D:11     | Noticed an eight-headed hydra
 14883 | D:11     | Noticed a purple ugly thing
 14940 | D:11     | Noticed a two-headed ogre
 15238 | D:10     | Killed a two-headed ogre
 15238 | D:10     | Reached XP level 11. HP: 30/69 MP: 21/21
 15689 | D:11     | Noticed Gastronok
 15768 | D:11     | Slain by a yak

Illustrated notes

Levels and vault maps discovered:
D:1:      noname_arrival_rooms_in_the_neighbourhood, layout_basic,
          lemuel_old_faithful
D:2:      layout_loops_ring
D:3:      minmay_roachtagon, layout_rooms, first_ration, grunt_ministairs_4
D:4:      layout_rooms, lightli_corner_chamber, uniq_edmund
D:5:      layout_rooms, minmay_overflow_temple_star_quad,
          minmay_temple_entry_butterflies, uniq_eustachio, uniq_grinder
D:6:      layout_loops_cross, kennysheep_little_box, kennysheep_mini,
          serial_shops, nicolae_shop_crystal, grunt_ministairs_13,
          uniq_prince_ribbit1
D:7:      layout_cave_pools, eat_drink_and_be_merry_uskayaw
D:8:      layout_cave_pools, minmay_lair_entry_grove
D:9:      layout_rooms, nicolae_overflow_hidden_temple,
          gammafunk_ghost_cemetery, serial_bayou_crossing
D:10:     layout_stronghold, serial_shops, shop, uniq_harold
D:11:     layout_loops_ring, uniq_gastronok
Temple:   dshaligram_water_room_temple

Skill      XL: |  1  2  3  4  5  6  7  8  9 10 11 |
---------------+----------------------------------+-----
Stealth        | 1 2 3 4 5 |  5.9
Unarmed Combat | 4 5 7 8 9 |  9.7
Spellcasting   | 3 4 5 6 7 |  7.1
Transmutations | 3 4 5 6 7 |  7.7
Dodging        | 3 4 5 |  5.2
Fighting       | 2 4 |  4.5
Poison Magic   | 1 |  1.8
Throwing       | 1 |  1.3
Evocations     | 1 |  1.6
Hexes          | 2 3 |  3.0

Action                   |  1- 3 |  4- 6 |  7- 9 | 10-12 || total
-------------------------+-------+-------+-------+-------++-------
Melee: Unarmed           |    76 |   158 |   350 |   156 ||   740
       Tentacles         |    14 |    31 |    53 |    32 ||   130
       Constrict         |    18 |    44 |    63 |    17 ||   142
       Punch             |     5 |     6 |    10 |     5 ||    26
       Kick              |     7 |    44 |    68 |    23 ||   142
Throw: Dart              |       |       |    13 |    11 ||    24
 Cast: Beastly Appendage |     9 |    26 |    45 |    15 ||    95
       Spider Form       |       |       |     6 |     6 ||    12
       Blade Hands       |       |       |     2 |     4 ||     6
Evoke: Wand              |       |       |     8 |     9 ||    17
  Use: Scroll            |       |       |    13 |     3 ||    16
       Potion            |       |       |     6 |     2 ||     8
 Stab: Sleeping          |     8 |     9 |     7 |     3 ||    27
  Eat: Chunk             |     3 |     9 |    20 |     4 ||    36
       Ration            |       |       |     2 |     4 ||     6
Armor: Skin              |     4 |     3 |    12 |     2 ||    21
Dodge: Dodged            |    39 |   106 |   222 |    65 ||   432
